HBL
JACKSONVILLE SUNS @ SAVANNAH SWAMP FOXES
06/03/1997
 
TOP OF THE 1ST
Jacksonville Suns batting - Pitching for Savannah Swamp Foxes : LHP Angel Miranda
Pitching: LHP Angel Miranda
Batting: RHB Chris Gomez 0-0: Swinging Strike
0-1: Foul Ball, location: 2F
0-2: Fly out, F8 (Line Drive, 8LM, EV 90.6 MPH)
Batting: RHB Brian Lesher 0-0: Ball
1-0: Ground out 5-3 (Groundball, 56S, EV 86.9 MPH)
Batting: RHB Damon Buford 0-0: Ball
1-0: Ball
2-0: Ball
3-0: Base on Balls
Batting: RHB Ozzie Timmons 0-0: Called Strike
0-1: Ball
1-1: Ball
2-1: Swinging Strike
2-2: Foul Ball, location: 2F
2-2: Foul Ball, location: 2F
2-2: Foul Ball, location: 2F
2-2: Foul Ball, location: 2F
2-2: Ball
Damon Buford steals 2nd base
3-2: Strikes out swinging
Top of the 1st over - 0 runs, 0 hits, 0 errors, 1 left on base; Jacksonville 0 - Savannah 0
BOTTOM OF THE 1ST
Savannah Swamp Foxes batting - Pitching for Jacksonville Suns : LHP Jeff Fassero
Pitching: LHP Jeff Fassero
Batting: LHB Tony Longmire 0-0: Ball
1-0: Called Strike
1-1: Ball
2-1: Foul Ball, location: 2F
2-2: Ball
3-2: Base on Balls
Batting: SHB Jason Hardtke 0-0: Swinging Strike
0-1: Grounds into double play, 6-4-3 (Groundball, 6, EV 80.0 MPH)
Batting: RHB Jimmy Hurst 0-0: Ball
1-0: Called Strike
1-1: Called Strike
1-2: Foul Ball, location: 2F
1-2: Ground out 6-3 (Groundball, 56, EV 86.9 MPH)
Bottom of the 1st over - 0 runs, 0 hits, 0 errors, 0 left on base; Jacksonville 0 - Savannah 0
TOP OF THE 2ND
Jacksonville Suns batting - Pitching for Savannah Swamp Foxes : LHP Angel Miranda
Batting: RHB Doug Mirabelli 0-0: Called Strike
0-1: Ball
1-1: Swinging Strike
1-2: Foul Ball, location: 2F
1-2: Ball
2-2: Strikes out looking
Batting: LHB Sean Casey 0-0: SINGLE (Flyball, 89S, EV 92.5 MPH)
Batting: RHB Angel Echevarria 0-0: Ball
1-0: Ball
2-0: Foul Ball, location: 2F
2-1: Swinging Strike
2-2: Grounds into double play, 4-6-3 (Groundball, 4, EV 100.0 MPH)
Top of the 2nd over - 0 runs, 1 hit, 0 errors, 0 left on base; Jacksonville 0 - Savannah 0
BOTTOM OF THE 2ND
Savannah Swamp Foxes batting - Pitching for Jacksonville Suns : LHP Jeff Fassero
Batting: RHB Jeff Berblinger 0-0: Called Strike
0-1: Fly out, F8 (Flyball, 8LD, EV 105.0 MPH)
Batting: RHB Izzy Molina 0-0: Called Strike
0-1: Swinging Strike
0-2: Foul Ball, location: 2F
0-2: Ground out 6-3 (Groundball, 6, EV 92.5 MPH)
Batting: LHB Jacob Cruz 0-0: Ball
1-0: Foul Ball, location: 2F
1-1: Ground out 4-3 (Groundball, 4, EV 82.5 MPH)
Bottom of the 2nd over - 0 runs, 0 hits, 0 errors, 0 left on base; Jacksonville 0 - Savannah 0
TOP OF THE 3RD
Jacksonville Suns batting - Pitching for Savannah Swamp Foxes : LHP Angel Miranda
Batting: RHB Jeff Reboulet 0-0: Ball
1-0: Swinging Strike
1-1: Called Strike
1-2: Strikes out swinging
Batting: RHB Jorge Velandia 0-0: Ball
1-0: Called Strike
1-1: Ground out 5-3 (Groundball, 56, EV 101.9 MPH)
Batting: RHB Chris Gomez 0-0: Ball
1-0: Ball
2-0: Ground out 5-3 (Groundball, 56, EV 106.3 MPH)
Top of the 3rd over - 0 runs, 0 hits, 0 errors, 0 left on base; Jacksonville 0 - Savannah 0
BOTTOM OF THE 3RD
Savannah Swamp Foxes batting - Pitching for Jacksonville Suns : LHP Jeff Fassero
Batting: LHB Jack Howell 0-0: Swinging Strike
0-1: Swinging Strike
0-2: Strikes out swinging
Batting: RHB Masahiro Kawai 0-0: Ball
1-0: Called Strike
1-1: Ball
2-1: Ground out 1-3 (Groundball, 13S, EV 66.3 MPH)
Batting: LHB Koji Goto 0-0: Ball
1-0: Called Strike
1-1: Foul Ball, location: 2F
1-2: Foul Ball, location: 2F
1-2: Ball
2-2: SINGLE (Flyball, 9S, EV 96.3 MPH)
Batting: LHB Tony Longmire 0-0: Called Strike
0-1: Foul Ball, location: 2F
0-2: Ground out 1-3 (Groundball, 13S, EV 73.1 MPH)
Bottom of the 3rd over - 0 runs, 1 hit, 0 errors, 1 left on base; Jacksonville 0 - Savannah 0
TOP OF THE 4TH
Jacksonville Suns batting - Pitching for Savannah Swamp Foxes : LHP Angel Miranda
Batting: RHB Brian Lesher 0-0: Ball
1-0: Ball
2-0: Ball
3-0: Fly out, F9 (Flyball, 9S, EV 91.3 MPH)
Batting: RHB Damon Buford 0-0: Ball
1-0: Ball
2-0: Ball
3-0: Called Strike
3-1: Foul Ball, location: 2F
3-2: Base on Balls
Batting: RHB Ozzie Timmons 0-0: Ball
1-0: Ball
2-0: Called Strike
2-1: SINGLE (Groundball, 3D, EV 99.4 MPH)
Damon Buford to second
Runner from 2nd tries for 3rd, SAFE, throw by RF made to third
Batting: RHB Doug Mirabelli 0-0: Called Strike
0-1: Ball
1-1: Foul Ball, location: 2F
1-2: Foul Ball, location: 2F
1-2: Ball
2-2: Foul Ball, location: 2F
2-2: Foul Ball, location: 2F
2-2: Foul Ball, location: 2F
2-2: Foul Ball, location: 2F
2-2: Foul Ball, location: 2F
2-2: Ball
3-2: Foul Ball, location: 2F
3-2: Base on Balls
Ozzie Timmons to second
Batting: LHB Sean Casey 0-0: Ball
1-0: Swinging Strike
1-1: Fly out, F7 (Flyball, 7D, EV 93.1 MPH)
Runner from 3rd tags up, SCORES, no throw by LF
Ozzie Timmons to third
Batting: RHB Angel Echevarria 0-0: Ball
1-0: SINGLE (Groundball, 6D, EV 100.6 MPH)
Ozzie Timmons scores
Doug Mirabelli to second
Batting: RHB Jeff Reboulet 0-0: Foul Ball, location: 2F
0-1: Ball
1-1: Reached on error, E6 (Groundball, 56, EV 85.6 MPH)
Doug Mirabelli to third
Angel Echevarria to second
Batting: RHB Jorge Velandia 0-0: Called Strike
0-1: Ball
1-1: Foul Ball, location: 2F
1-2: Strikes out swinging
Top of the 4th over - 2 runs, 2 hits, 1 error, 3 left on base; Jacksonville 2 - Savannah 0
BOTTOM OF THE 4TH
Savannah Swamp Foxes batting - Pitching for Jacksonville Suns : LHP Jeff Fassero
Batting: SHB Jason Hardtke 0-0: Ball
1-0: Ball
2-0: Called Strike
2-1: Foul Ball, location: 2F
2-2: Foul Ball, location: 2F
2-2: Ball
3-2: Foul Ball, location: 2F
3-2: Base on Balls
Batting: RHB Jimmy Hurst 0-0: Called Strike
0-1: Called Strike
0-2: Fly out, F3 (Popup, 3F, EV 84.4 MPH)
Batting: RHB Jeff Berblinger 0-0: Ball
1-0: Ball
2-0: Ball
3-0: Called Strike
3-1: Base on Balls
Jason Hardtke to second
Batting: RHB Izzy Molina 0-0: Called Strike
0-1: Ball
1-1: Grounds into double play, 4-6-3 (Groundball, 4M, EV 80.6 MPH)
Bottom of the 4th over - 0 runs, 0 hits, 0 errors, 1 left on base; Jacksonville 2 - Savannah 0
TOP OF THE 5TH
Jacksonville Suns batting - Pitching for Savannah Swamp Foxes : LHP Angel Miranda
Batting: RHB Chris Gomez 0-0: Ball
1-0: Swinging Strike
1-1: Foul Ball, location: 2F
1-2: Foul Ball, location: 2F
1-2: Foul Ball, location: 2F
1-2: Foul Ball, location: 2F
1-2: Strikes out swinging
Batting: RHB Brian Lesher 0-0: Called Strike
0-1: Ball
1-1: Ball
2-1: Ball
3-1: Swinging Strike
3-2: SINGLE (Groundball, 3L, EV 84.4 MPH) (infield hit)
Batting: RHB Damon Buford 0-0: Ball
1-0: Swinging Strike
1-1: Ball
2-1: Called Strike
2-2: Reached on error, E5 (Groundball, 56, EV 81.9 MPH)
Brian Lesher to second
Batting: RHB Ozzie Timmons 0-0: Foul Ball, location: 2F
0-1: Ball
1-1: Reached on error, E6 (Groundball, 6S, EV 83.1 MPH)
Brian Lesher to third
Damon Buford to second
Batting: RHB Doug Mirabelli 0-0: Called Strike
0-1: Ball
1-1: Fly out, F6 (Flyball, 56D, EV 86.3 MPH)
Batting: LHB Sean Casey 0-0: Swinging Strike
0-1: Ball
1-1: Ball
2-1: Ball
3-1: Fly out, F7 (Flyball, 7, EV 87.5 MPH)
Top of the 5th over - 0 runs, 1 hit, 2 errors, 3 left on base; Jacksonville 2 - Savannah 0
BOTTOM OF THE 5TH
Savannah Swamp Foxes batting - Pitching for Jacksonville Suns : LHP Jeff Fassero
Batting: LHB Jacob Cruz 0-0: Called Strike
0-1: Ball
1-1: Ball
2-1: Swinging Strike
2-2: Strikes out swinging
Batting: LHB Jack Howell 0-0: Ball
1-0: Called Strike
1-1: Called Strike
1-2: Foul Ball, location: 2F
1-2: Ball
2-2: Ground out 4-3 (Groundball, 4, EV 83.1 MPH)
Batting: RHB Masahiro Kawai 0-0: Ball
1-0: Called Strike
1-1: Ball
2-1: Fly out, F4 (Popup, 4D, EV 55.0 MPH)
Bottom of the 5th over - 0 runs, 0 hits, 0 errors, 0 left on base; Jacksonville 2 - Savannah 0
TOP OF THE 6TH
Jacksonville Suns batting - Pitching for Savannah Swamp Foxes : LHP Angel Miranda
Batting: RHB Angel Echevarria 0-0: Ball
1-0: Fly out, F9 (Line Drive, 9, EV 88.8 MPH)
Batting: RHB Jeff Reboulet 0-0: Called Strike
0-1: Ball
1-1: Foul Ball, location: 2F
1-2: Ball
2-2: Foul Ball, location: 2F
2-2: Ball
3-2: Ground out 5-3 (Groundball, 56, EV 80.6 MPH)
Batting: RHB Jorge Velandia 0-0: Called Strike
0-1: Ball
1-1: Fly out, F8 (Flyball, 8RD, EV 101.9 MPH)
Top of the 6th over - 0 runs, 0 hits, 0 errors, 0 left on base; Jacksonville 2 - Savannah 0
BOTTOM OF THE 6TH
Savannah Swamp Foxes batting - Pitching for Jacksonville Suns : LHP Jeff Fassero
Batting: LHB Koji Goto 0-0: Called Strike
0-1: Ball
1-1: Foul Ball, location: 2F
1-2: Foul Ball, location: 2F
1-2: Ground out 6-3 (Groundball, 6, EV 93.8 MPH)
Batting: LHB Tony Longmire 0-0: Ball
1-0: Swinging Strike
1-1: Ball
2-1: Ball
3-1: Foul Ball, location: 2F
3-2: Base on Balls
Batting: SHB Jason Hardtke 0-0: Called Strike
0-1: Ball
1-1: DOUBLE (Line Drive, 9LD, EV 111.3 MPH)
Tony Longmire to third
Runner from 3rd tries for Home, SAFE, throw by RF to trailing runner, SAFE at third!
Batting: RHB Jimmy Hurst 0-0: Called Strike
0-1: Foul Ball, location: 2F
0-2: Ball
1-2: Ball
2-2: Ball
3-2: Base on Balls
Batting: RHB Jeff Berblinger 0-0: Called Strike
0-1: Fly out, F6 (Line Drive, 5, EV 64.4 MPH)
Batting: RHB Izzy Molina 0-0: Ball
1-0: Fielders Choice at 2nd, 6-4 (Groundball, 6, EV 87.5 MPH)
Bottom of the 6th over - 1 run, 1 hit, 0 errors, 2 left on base; Jacksonville 2 - Savannah 1
TOP OF THE 7TH
Jacksonville Suns batting - Pitching for Savannah Swamp Foxes : LHP Angel Miranda
Pitching: RHP Jay Powell
Batting: RHB Chris Gomez 0-0: Called Strike
0-1: Called Strike
0-2: Ball
1-2: Strikes out swinging
Batting: RHB Brian Lesher 0-0: Foul Ball, location: 2F
0-1: Foul Ball, location: 2F
0-2: Strikes out swinging
Batting: RHB Damon Buford 0-0: Foul Ball, location: 2F
0-1: Ball
1-1: SOLO HOME RUN (Flyball, 7D, EV 97.5 MPH), Distance : 402 ft
Batting: RHB Ozzie Timmons 0-0: Ball
1-0: Ball
2-0: DOUBLE (Line Drive, 9LS, EV 98.1 MPH)
Batting: RHB Doug Mirabelli 0-0: Swinging Strike
0-1: Ball
1-1: Foul Ball, location: 2F
1-2: Strikes out swinging
Top of the 7th over - 1 run, 2 hits, 0 errors, 1 left on base; Jacksonville 3 - Savannah 1
BOTTOM OF THE 7TH
Savannah Swamp Foxes batting - Pitching for Jacksonville Suns : LHP Jeff Fassero
Batting: LHB Jacob Cruz 0-0: Foul Ball, location: 2F
0-1: Foul Ball, location: 2F
0-2: Foul Ball, location: 2F
0-2: Ball
1-2: Ball
2-2: Fly out, F7 (Flyball, 78D, EV 88.1 MPH)
Batting: LHB Jack Howell 0-0: Ball
1-0: Called Strike
1-1: Foul Ball, location: 2F
1-2: Ball
2-2: Ball
3-2: Foul Ball, location: 2F
3-2: Ground out 4-3 (Groundball, 4D, EV 102.5 MPH)
Batting: RHB Masahiro Kawai 0-0: Ball
1-0: Fly out, F8 (Flyball, 8LD, EV 97.5 MPH)
Bottom of the 7th over - 0 runs, 0 hits, 0 errors, 0 left on base; Jacksonville 3 - Savannah 1
TOP OF THE 8TH
Jacksonville Suns batting - Pitching for Savannah Swamp Foxes : RHP Jay Powell
Batting: LHB Sean Casey 0-0: Foul Ball, location: 2F
0-1: SINGLE (Groundball, 34D, EV 97.5 MPH)
Batting: RHB Angel Echevarria 0-0: Foul Ball, location: 2F
0-1: Ball
1-1: Foul Ball, location: 2F
1-2: Ball
2-2: Fly out, F7 (Flyball, 78S, EV 91.9 MPH)
Batting: RHB Jeff Reboulet 0-0: Foul Ball, location: 2F
0-1: Ball
1-1: Foul Ball, location: 2F
1-2: Foul Ball, location: 2F
1-2: Foul Ball, location: 2F
1-2: Ball
2-2: Ball
3-2: Base on Balls
Sean Casey to second
Pitching: RHP Johnny Ruffin
Batting: RHB Jorge Velandia 0-0: Fly out, F3 (Popup, 3SF, EV 80.0 MPH)
Batting: RHB Chris Gomez 0-0: Ball
1-0: Called Strike
1-1: Ball
2-1: Foul Ball, location: 2F
2-2: Fly out, F4 (Popup, 34S, EV 76.3 MPH)
Top of the 8th over - 0 runs, 1 hit, 0 errors, 2 left on base; Jacksonville 3 - Savannah 1
BOTTOM OF THE 8TH
Savannah Swamp Foxes batting - Pitching for Jacksonville Suns : LHP Jeff Fassero
Pitching: RHP Shayne Bennett
Batting: LHB Koji Goto 0-0: Reached on error, E5 (Groundball, 5, EV 84.4 MPH)
Batting: LHB Tony Longmire 0-0: Ball
Wild Pitch!
Koji Goto to second
1-0: Called Strike
1-1: Called Strike
1-2: Ball
2-2: Ground out 5-3 (Groundball, 56, EV 105.0 MPH)
Batting: SHB Jason Hardtke 0-0: Ground out 4-3 (Groundball, 4, EV 84.4 MPH)
Koji Goto to third
Batting: RHB Jimmy Hurst 0-0: Foul Ball, location: 2F
0-1: Foul Ball, location: 2F
0-2: Ball
1-2: Foul Ball, location: 2F
1-2: Ball
2-2: Strikes out swinging
Bottom of the 8th over - 0 runs, 0 hits, 1 error, 1 left on base; Jacksonville 3 - Savannah 1
TOP OF THE 9TH
Jacksonville Suns batting - Pitching for Savannah Swamp Foxes : RHP Johnny Ruffin
Batting: RHB Brian Lesher 0-0: Called Strike
0-1: Ball
1-1: Foul Ball, location: 2F
1-2: Foul Ball, location: 2F
1-2: Foul Ball, location: 2F
1-2: Foul Ball, location: 2F
1-2: Foul Ball, location: 2F
1-2: SINGLE (Line Drive, 89S, EV 100.0 MPH)
Batting: RHB Damon Buford 0-0: Ball
1-0: Fly out, F9 (Flyball, 9D, EV 105.6 MPH)
Batting: RHB Ozzie Timmons 0-0: Called Strike
0-1: Called Strike
0-2: Ball
Wild Pitch!
Brian Lesher to second
1-2: Foul Ball, location: 2F
1-2: Ball
2-2: Ball
3-2: DOUBLE (Line Drive, 3D, EV 106.9 MPH)
Brian Lesher scores
Batting: RHB Doug Mirabelli 0-0: Called Strike
0-1: Foul Ball, location: 2F
0-2: Strikes out swinging
Batting: LHB Sean Casey 0-0: Ball
1-0: Ground out 5-3 (Groundball, 5S, EV 91.3 MPH)
Top of the 9th over - 1 run, 2 hits, 0 errors, 1 left on base; Jacksonville 4 - Savannah 1
BOTTOM OF THE 9TH
Savannah Swamp Foxes batting - Pitching for Jacksonville Suns : RHP Shayne Bennett
Pitching: RHP Mark Dewey
Now in LF: Rich Butler
Now in RF: Ryan McGuire
Batting: RHB Jeff Berblinger 0-0: Called Strike
0-1: Ground out 6-3 (Groundball, 6, EV 101.3 MPH)
Batting: RHB Izzy Molina 0-0: Called Strike
0-1: Fly out, F8 (Flyball, 8RM, EV 78.8 MPH)
Batting: LHB Jacob Cruz 0-0: Called Strike
0-1: Ball
1-1: Called Strike
1-2: Strikes out swinging
Bottom of the 9th over - 0 runs, 0 hits, 0 errors, 0 left on base; Jacksonville 4 - Savannah 1
Wednesday, February 18th, 2026 - OOTP Baseball 20.8 Build 74